 Dungeon Crawl Stone Soup version 0.28-a0-1629-gf728b707aa (webtiles) character file.

Game seed: 3203235604456595208

25 Bzinder the Sneak (level 2, 0/13 HPs)
             Began as a Spriggan Enchanter on Jan 24, 2022.
             Slain by a hobgoblin (5 damage)
             ... on level 1 of the Dungeon.
             The game lasted 00:02:20 (1934 turns).

Bzinder the Sneak (Spriggan Enchanter)              Turns: 1934, Time: 00:02:20

Health: 0/13       AC:  2    Str:  4    XL:     2   Next: 86%
Magic:  3/7        EV: 17    Int: 16    God:
Gold:   24         SH:  0    Dex: 15    Spells: 6/8 levels left

rFire   . . .      SeeInvis +   a - +2 dagger
rCold   . . .      Faith    .   (no shield)
rNeg    . . .      Spirit   .   b - +0 robe
rPois   .          Reflect  .   (helmet restricted)
rElec   .          Harm     .   (no cloak)
rCorr   .          Rampage  .   (gloves unavailable)
Will    .....                   (boots unavailable)
Stlth   +++.......              (no amulet)
HPRegen 0.04/turn               (no ring)
MPRegen 0.10/turn               (no ring)

@: very slightly contaminated, very quick
A: very small, no large weapons, unfitting armour, see invisible, speed 3
a: no special abilities


You were on level 1 of the Dungeon.
You visited 1 branch of the dungeon, and saw 2 of its levels.

You collected 24 gold pieces.

Inventory:

Hand Weapons
 a - a +2 dagger (weapon)
Armour
 b - a +0 robe (worn)
Potions
 c - a potion of invisibility
 d - a potion of mutation {unknown}
 e - a potion of flight {unknown}
 f - a potion of cancellation {unknown}


   Skills:
 - Level 1.1 Short Blades
 - Level 2.6 Dodging
 - Level 4.4 Stealth
 + Level 3.6 Spellcasting
 + Level 4.3 Hexes


You had 6 spell levels left.
You knew the following spells:

 Your Spells              Type           Power      Damage    Failure   Level
a - Ensorcelled Hibernat  Hex/Ice        18%        N/A       11%         2

Your spell library contained the following spells:

 Spells                   Type           Power      Damage    Failure   Level
 Confusing Touch          Hex            16%        N/A       9%          3
 Tukima's Dance           Hex            16%        N/A       9%          3
 Dazzling Flash           Conj/Hex       18%        N/A       22%         3


Dungeon Overview and Level Annotations

Branches:
Dungeon (2/15)

Altars:


Innate Abilities, Weirdness & Mutations

You are very small and have problems with some larger weapons.
You are too small for most types of armour.
You have supernaturally acute eyesight. (SInv)
You cover ground extremely quickly. (Speed+++)


Message History

The goblin misses you.
You closely miss the goblin.
The goblin is heavily wounded.
The goblin barely misses you.
You hit the goblin.
You kill the goblin!
No target in view!
No target in view!
No target in view!
No target in view!
You start resting.
HP restored.
You climb downwards.
The rat bites you. The hobgoblin hits you.
A kobold comes into view. It is wielding a +0 club.
The rat barely misses you.
There is a stone staircase leading up, spattered with blood here.
Unknown command.
Unknown command.
The bat hits you. The hobgoblin barely misses you. The rat barely misses you.
You climb upwards.
There is a stone staircase leading down here.
Okay, then.
Unknown command.
Casting: Ensorcelled Hibernation (safe; 11% risk of failure)
Confirm with . or Enter, or press ? or * to list all spells.
Aiming: Ensorcelled Hibernation (safe; 11% risk of failure)
Press: ? - help, Shift-Dir - straight line, f - rat
Aim: a rat (chance to affect: 61%)
You miscast Ensorcelled Hibernation.
You are very lightly contaminated with residual magic.
Nothing appears to happen.
The bat hits you. The hobgoblin hits you. The rat completely misses you.
Casting: Ensorcelled Hibernation (safe; 11% risk of failure)
Confirm with . or Enter, or press ? or * to list all spells.
Aiming: Ensorcelled Hibernation (safe; 11% risk of failure)
Press: ? - help, Shift-Dir - straight line, f/p - rat
Aim: a rat (chance to affect: 61%)
The rat resists with significant effort.
The hobgoblin hits you.
You die...

#.#.#.############.#.##########..
#...#.#.......................#..
#.###.........####.##########.#..
#########.#.#.#....# #......#.#..
..........#.#.#.######.####.#.##.
########..#.................#.##.
#..#.#.########.#..#.#.###
########..#....bg# #.#.##.#.#
............#.##@# #.#.##.#.#
########......##r# #.#.##.#)#
##.#.####.#####.#....#.#
#########.#......#.....######.#
........#.########.####.......#
#######.#.#........# #.#######
#.#.#.######## #.# ###'#.#.# #.#
#.....#.# #.#


You could see a hobgoblin, a bat and a rat.

Vanquished Creatures
  A dart slug (D:1)
  4 bats (D:1)
  2 endoplasms (D:1)
  A giant cockroach (D:1)
  A goblin (D:1)
  3 hobgoblins (D:1)
  4 kobolds
  2 ball pythons (D:1)
  3 frilled lizards (D:1)
21 creatures vanquished.

Notes
Turn   | Place    | Note
-------+----------+-------------------------------------------
     0 | D:1      | Bzinder the Spriggan Enchanter began the quest for the Orb.
     0 | D:1      | Reached XP level 1. HP: 9/9 MP: 5/5
     9 | D:1      | Noticed an ogre
   437 | D:1      | Reached XP level 2. HP: 13/13 MP: 7/7
   440 | D:1      | Learned a level 2 spell: Ensorcelled Hibernation
  1934 | D:1      | Slain by a hobgoblin

Illustrated notes

Levels and vault maps discovered:
D:1:      evilmike_arrival_come_back, layout_basic, minmay_tetromino_i2
D:2:      layout_rooms, shapermc_ecumenical_altar_gd, uniq_crazy_yiuf_cottage,
          uniq_sigmund

Skill      XL: |  1 |
---------------+----+-----
Spellcasting   | 3 |  3.6
Hexes          | 4 |  4.3
Short Blades   | |  1.1
Dodging        | |  2.6
Stealth        | |  4.4

Action                   || total
-------------------------++-------
Melee: Dagger            ||    85
 Cast: Ensorcelled Hiber ||     3
  Use: Scroll            ||     2
 Stab: Sleeping          ||     5
       Distracted        ||     1
Armor: Robe              ||     6
Dodge: Dodged            ||    67

Table legend: (Time is in decaauts)
 A = Elapsed time spent in this place.
 B = Non-inter-level travel time spent in this place.
 C = Inter-level travel time spent in this place.
 D = Time resting spent in this place.
 E = Time spent auto-exploring this place.
 F = Levels seen in this place.
 G = Mean time per level.
                   A        B        C        D        E       F      G
               +--------+--------+--------+--------+--------+-----+--------+
         Total |   1575 |   1559 |     16 |    100 |   1283 |   2 |  787.5 |
       Dungeon |   1575 |   1559 |     16 |    100 |   1283 |   2 |  787.5 |
               +--------+--------+--------+--------+--------+-----+--------+

Top non-repeatable levels by time:
     D:1: 1568 daAuts
     D:2: 6 daAuts
